 Dungeon Crawl Stone Soup version 0.31.0-12-g77e489cdc1 (webtiles) character file.

Game seed: 9774232428056945933

415 spaghetti the Shooter (level 6, 0/44 HPs)
             Began as a Demonspawn Hunter on Feb 18, 2024.
             Killed by divine providence
             ... invoked by an orc priest
              (13 damage)
             ... on level 3 of the Dungeon.
             The game lasted 00:03:19 (2771 turns).

spaghetti the Shooter (Demonspawn Hunter)           Turns: 2771, Time: 00:03:20

Health: 0/44       AC:  5    Str: 11    XL:     6   Next: 60%
Magic:  6/6        EV: 11    Int: 18    God:
Gold:   110        SH:  4    Dex: 16    Spells: 5/5 levels left

rFire   . . .        a - +0 shortbow
rCold   + . .        (shield currently unavailable)
rNeg    . . .        c - +0 leather armour
rPois   .            (helmet restricted)
rElec   .            (no cloak)
rCorr   .            g - +1 pair of gloves
SInv    .            (no boots)
Will    .....        (no amulet)
Stlth   +            e - +6 ring of intelligence
HPRegen 0.27/turn    m - ring of protection from cold
MPRegen 0.10/turn

%: no passive effects
@: no status effects
A: horns 1, demonic guardian 1, condensation shield
a: no special abilities


You were on level 3 of the Dungeon.
You visited 1 branch of the dungeon, and saw 3 of its levels.

You collected 110 gold pieces.

Inventory:

Hand Weapons
 a - a +0 shortbow (weapon)
Armour
 c - a +0 leather armour (worn)
 g - a +1 pair of gloves (worn)
Jewellery
 e - a +6 ring of intelligence (left hand)
 m - a ring of protection from cold (right hand)
Scrolls
 b - a scroll of butterflies
 d - a scroll of fear
 f - a scroll of blinking
 j - a scroll of amnesia
 n - 3 scrolls of revelation
Potions
 h - a potion of heal wounds
 i - a potion of lignification


   Skills:
 - Level 2.0 Fighting
 + Level 7.3 Ranged Weapons
 - Level 1.7 Dodging
 - Level 0.8 Stealth


You had 5 spell levels left.
You didn't know any spells.
Your spell library was empty.

Dungeon Overview and Level Annotations

Branches:
Dungeon (3/15)

Altars:
Uskayaw

Shops:
D:2 (

Annotations:
D:2 1 runed translucent door, Crazy Yiuf


Innate Abilities, Weirdness & Mutations

You have a pair of small horns on your head.
A weak demonic guardian rushes to your aid.
A meltable shield of frost defends you. (SH +4)


Message History

You are too injured to fight recklessly!
You are too injured to fight recklessly!
You are too injured to fight recklessly!
Fire: a) +0 shortbow
Press: ? - help, Q - select action Shift-Dir - straight line, f/p - orc priest
Aim: an orc priest, wielding a +0 short sword and wearing a +0 ring mail (severely wounded, 68% to hit)
You shoot an arrow. The arrow closely misses the orc.
The arrow hits the orc priest.
You kill the orc priest!
The orc priest invokes the aid of Beogh against you.
Beogh smites you!
Fire: a) +0 shortbow
Press: ? - help, Q - select action Shift-Dir - straight line, f - orc
Aim: an orc, wielding a +0 mace and quivering stones (moderately wounded, 64% to hit)
You shoot an arrow. The arrow barely misses the orc.
The arrow hits the orc priest.
The orc priest is heavily wounded.
You block the orc's attack.
Fire: a) +0 shortbow
Press: ? - help, Q - select action Shift-Dir - straight line, f/p - orc
Aim: an orc, wielding a +0 mace and quivering stones (moderately wounded, 64% to hit)
You shoot an arrow. The arrow hits the orc!
You kill the orc!
The orc priest mumbles some strange prayers to Beogh against you.
Pain shoots through your body!
* * * LOW HITPOINT WARNING * * *
Fire: a) +0 shortbow
Press: ? - help, Q - select action Shift-Dir - straight line, f - orc priest
Aim: an orc priest, wielding a +0 club (heavily wounded, 64% to hit)
You shoot an arrow.
The arrow closely misses the orc priest.
An orc wizard comes into view. It is wielding a +2 dagger of pain.
Fire: a) +0 shortbow
Press: ? - help, Q - select action Shift-Dir - straight line, f/p - orc priest
Aim: an orc priest, wielding a +0 club (heavily wounded, 64% to hit)
You shoot an arrow.
The arrow closely misses the orc priest.
The orc priest calls down the wrath of Beogh upon you.
Beogh smites you!
You die...

#
#..........##.....###
#
#######....####.....#
# #....# #.##..### #
#....# #.##....# #
#....# #.###...#
#....# #.# ###..
#....# #.# ##.
.o######....####.# #.
).'..)o@.........# #.
..################ ##


You could see an orc priest and an orc wizard.

Vanquished Creatures
  Sigmund (D:2)
  A hound (D:3)
  A gnoll bouda (D:3)
  An orc priest (D:3)
  Terence (D:2)
  3 gnolls (D:3)
  2 adders (D:2)
  2 ribbon worms (D:3)
  A dart slug (D:1)
  3 orcs (D:3)
  7 bats
  5 endoplasms
  5 goblins
  11 hobgoblins
  3 jackals (D:1)
  7 kobolds
  A quokka (D:3)
  4 ball pythons
  A frilled lizard (D:1)
  5 rats
65 creatures vanquished.

Vanquished Creatures (collateral kills)
  A gnoll (D:3)
  An adder (D:2)
  A bat (D:1)
3 creatures vanquished.

Grand Total: 68 creatures vanquished

Notes
Turn   | Place    | Note
-------+----------+-------------------------------------------
     0 | D:1      | spaghetti the Demonspawn Hunter began the quest for the
                  | Orb.
     0 | D:1      | Reached XP level 1. HP: 16/16 MP: 1/1
    96 | D:1      | Reached skill level 4 in Ranged Weapons
   116 | D:1      | Gained mutation: A meltable shield of frost defends you.
                  | (SH +4) [demonic ancestry]
   116 | D:1      | Reached XP level 2. HP: 22/22 MP: 2/2
   492 | D:1      | Gained mutation: A weak demonic guardian rushes to your
                  | aid. [demonic ancestry]
   492 | D:1      | Reached XP level 3. HP: 27/27 MP: 3/3
   983 | D:2      | Found Hattyos's Weapon Boutique.
   987 | D:2      | Noticed Terence
   993 | D:2      | Killed Terence
   994 | D:2      | Reached skill level 5 in Ranged Weapons
  1098 | D:2      | Reached XP level 4. HP: 33/33 MP: 4/4
  1303 | D:2      | Found a hide-covered altar of Uskayaw.
  1362 | D:2      | Noticed Sigmund
  1380 | D:2      | Killed Sigmund
  1381 | D:2      | Reached skill level 6 in Ranged Weapons
  1381 | D:2      | Reached XP level 5. HP: 26/38 MP: 5/5
  1792 | D:2      | Found a faded altar of an unknown god.
  1982 | D:2      | Found a runed translucent door.
  1984 | D:2      | Noticed Crazy Yiuf
  2029 | D:3      | Gained mutation: You have a pair of small horns on your
                  | head. [demonic ancestry]
  2029 | D:3      | Reached XP level 6. HP: 44/44 MP: 6/6
  2471 | D:3      | Reached skill level 7 in Ranged Weapons
  2771 | D:3      | Killed from afar by an orc priest

Illustrated notes

Levels and vault maps discovered:
D:1:      dpeg_arrival_yet_another_circle, layout_loops_ring,
          hangedman_decor_push, grunt_decor_arrowhead, nrook_mini_backslash
D:2:      layout_basic, dreamdust_ecumenical_altar_angels_and_demons,
          serial_shops, shop, basic_altar, uniq_terence, uniq_sigmund,
          uniq_crazy_yiuf_cottage
D:3:      layout_basic

Skill      XL: |  1  2  3  4  5  6 |
---------------+-------------------+-----
Ranged Weapons | 4 5 6 7 |  7.3
Fighting       | |  2.0
Dodging        | |  1.7
Stealth        | |  0.8

Action                     |  1- 3 |  4- 6 || total
---------------------------+-------+-------++-------
   Fire: Shortbow          |   104 |   151 ||   255
    Use: Scroll            |     3 |     5 ||     8
         Potion            |       |     6 ||     6
 Armour: Leather armour    |    33 |    46 ||    79
  Dodge: Dodged            |    30 |    60 ||    90
  Block: Other             |     8 |    21 ||    29
